 Dungeon Crawl Stone Soup version 0.16.0-17-g811c1d7 (webtiles) character file.

420 Nefaurd the Covert (level 6, 0/52 HPs)
             Began as a Naga Assassin on Mar 20, 2015.
             Killed from afar by Blork the orc (4 damage)
             ... with a puff of flame
             ... on level 4 of the Dungeon.
             The game lasted 00:26:44 (4038 turns).

Nefaurd the Covert (Naga Assassin)                  Turns: 4038, Time: 00:26:45

Health: 0/52       AC:  6    Str: 13    XL:     6   Next: 94%
Magic:  6/6        EV:  9    Int: 12    God:
Gold:   94         SH:  0    Dex: 14    Spells: 0 memorised, 5 levels left

rFire  . . .     SeeInvis +     j - +0 dagger (venom)
rCold  + . .     Clarity  .     v - +0 leather armour
rNeg   . . .     SustAb   .     (no shield)
rPois  +         Gourm    .     i - +2 hat
rElec  .         Spirit   .     d - +0 cloak
rCorr  .         Warding  .     (no gloves)
rMut   .         Stasis   .     (no barding)
MR     .....                    (no amulet)
Stlth  +++++.....               (no ring)
                                u - ring of protection from cold

@: about to teleport, very slow, not resistant to hostile enchantments, quite
stealthy
A: spit poison, see invisible, deformed body, poison resistance, slowness 2, AC
+2
a: Spit Poison


You were on level 4 of the Dungeon.
You were not hungry.

You visited 1 branch of the dungeon, and saw 4 of its levels.

You collected 94 gold pieces.

Inventory:

Hand weapons
 a - a +2 dagger
 b - a +0 blowgun
 j - a +0 dagger of venom (weapon)
Armour
 c - a +0 robe
 d - a +0 cloak (worn)
 i - a +2 hat (worn)
 v - a +0 leather armour (worn)
Jewellery
 u - a ring of protection from cold (left hand)
Scrolls
 h - 5 scrolls of remove curse
 o - a scroll of enchant armour
 p - a scroll of identify
 t - 3 scrolls of random uselessness {unknown}
Potions
 l - a potion of flight {unknown}
 m - 3 potions of curing
 n - a potion of magic {unknown}
 q - a potion of cancellation {unknown}
 r - a potion of heal wounds {unknown}
Comestibles
 f - a bread ration
 k - 3 fruits


   Skills:
 + Level 2.2 Fighting
 * Level 2.8 Short Blades
 - Level 1.7 Throwing
 + Level 1.4 Dodging
 * Level 11.2 Stealth


You had 5 spell levels left.
You didn't know any spells.

Dungeon Overview and Level Annotations

Branches:
Dungeon (4/15)
 Temple: D:4-7

Altars:
Ashenzari
Nemelex Xobeh
Xom

Annotations:
D:4 Blork the orc, Menkaure


Innate Abilities, Weirdness & Mutations

You cannot wear boots.
You can spit poison.
Your serpentine skin is tough (AC +2).
You have supernaturally acute eyesight.
Armour fits poorly on your strangely shaped body.
Your system is resistant to poisons.
You cover ground very slowly.


Message History

You closely miss Blork the orc.
Blork the orc is lightly wounded.
The giant frog skeleton hits you. Blork the orc casts a spell at you.
The magic dart hits you! The giant frog skeleton hits you.
Blork the orc points at you and mumbles some strange words.
The puff of flame hits you!
* * * LOW HITPOINT WARNING * * *
The giant frog skeleton barely misses you.
Read which item? (? for menu, Esc to quit)
As you read the scroll of teleportation, it crumbles to dust.
You feel strangely unstable. Blork the orc barely misses you.
The giant frog skeleton hits you.
* * * LOW HITPOINT WARNING * * *
Blork the orc points at you and mumbles some strange words.
The puff of frost hits you! You resist.
* * * LOW HITPOINT WARNING * * *
Blork the orc gestures at you while chanting.
The puff of flame hits you!
You die...

. ###(# # (#..#
#. #.(.. .
##....### ####.
##((#....#
#....##.o##..#
#........>..# ..
#.....@Z..###
##.#
#....#..##....#
#..##. .......
#(##.######.#...
.......
#)##..........#
.......
#.####.......#
...... #.#
#.......# .....
#.# #.......###
.... #.#
#.......... .
...####.###..##.


You could see Blork the orc and a giant frog skeleton.

Vanquished Creatures
  Sigmund (D:4)
  A goliath beetle (D:3)
  A hound (D:4)
  3 worker ants (D:4)
  Jessica (D:3)
  4 adders
  7 gnolls
  A giant mite (D:4)
  2 worms
  A giant gecko (D:1)
  5 orcs
  4 bats
  7 hobgoblins
  4 kobolds
  2 quokkas
  2 ball pythons
  5 giant cockroaches
  A giant gecko zombie (D:4)
  5 goblins
  4 jackals
  9 rats
  3 ballistomycetes (D:4)
73 creatures vanquished.

Vanquished Creatures (others)
  A giant spore (D:4)
1 creature vanquished.

Grand Total: 74 creatures vanquished

Notes
Turn   | Place    | Note
--------------------------------------------------------------
     0 | D:1      | Nefaurd, the Naga Assassin, began the quest for the Orb.
     0 | D:1      | Reached XP level 1. HP: 19/19 MP: 1/1
    70 | D:1      | Reached skill level 6 in Stealth
   183 | D:1      | Found a shattered altar of Ashenzari.
   337 | D:1      | Reached skill level 7 in Stealth
   337 | D:1      | Reached XP level 2. HP: 26/26 MP: 2/2
   507 | D:1      | Reached XP level 3. HP: 23/32 MP: 3/3
  1450 | D:2      | Reached skill level 8 in Stealth
  1765 | D:2      | Reached XP level 4. HP: 39/39 MP: 4/4
  1850 | D:2      | Reached skill level 9 in Stealth
  1992 | D:2      | Found a shimmering altar of Xom.
  2003 | D:2      | Reached XP level 5. HP: 45/45 MP: 5/5
  2423 | D:3      | Reached skill level 10 in Stealth
  2487 | D:3      | Found a sparkling altar of Nemelex Xobeh.
  2836 | D:3      | Noticed Jessica
  2847 | D:3      | Killed Jessica
  3321 | D:4      | Noticed Menkaure
  3533 | D:4      | Reached XP level 6. HP: 45/52 MP: 6/6
  3542 | D:4      | Reached skill level 1 in Dodging
  3882 | D:4      | Noticed Sigmund
  3882 | D:4      | Noticed Blork the orc
  3912 | D:4      | Killed Sigmund
  3912 | D:4      | Reached skill level 11 in Stealth
  4038 | D:4      | Killed from afar by Blork the orc

Action                   |  1- 3 |  4- 6 || total
-------------------------+-------+-------++-------
Melee: Dagger            |    71 |   128 ||   199
       Blowgun           |       |     6 ||     6
 Fire: Blowgun           |     5 |    33 ||    38
 Abil: Spit Poison       |     2 |     1 ||     3
  Use: Scroll            |     1 |     8 ||     9
 Stab: Sleeping          |     4 |    13 ||    17
       Distracted        |       |     3 ||     3
  Eat: Bread ration      |     1 |     2 ||     3
